 Dungeon Crawl Stone Soup version 0.16.1-30-g34a7ffa (webtiles) character file.

242 Mysteryquy the Ruffian (level 6, 0/51 (52) HPs)
             Began as a Ghoul Monk on June 27, 2015.
             Slain by a worm (12 damage)
             ... on level 3 of the Dungeon.
             The game lasted 00:05:20 (2198 turns).

Mysteryquy the Ruffian (Ghoul Monk)                 Turns: 2198, Time: 00:05:20

HP:   0/51 (52)     AC:  2    Str: 15    XL:     6   Next: 9%
MP:   5/5           EV: 13    Int:  5    God:
Gold: 176           SH:  0    Dex: 13    Spells: 0 memorised, 5 levels left

rFire  . . .     SeeInvis .       - Unarmed
rCold  + . .     Clarity  .     a - +0 robe
rNeg   + + +     SustAb   .     (no shield)
rPois  ∞         Gourm    .     (no helmet)
rElec  .         Spirit   .     (no cloak)
rCorr  .         Warding  .     (no gloves)
rMut   .         Stasis   .     (no boots)
MR     .....                    (no amulet)
Stlth  ++........               (no ring)
                                (no ring)

@: rotting, not resistant to hostile enchantments, unstealthy
A: rotting body, claws 1, carnivore 3, cold resistance 1, negative energy
resistance 3, poison resistance, slow healing 1, torment resistance, unbreathing
a: no special abilities


You were on level 3 of the Dungeon.
You were not hungry.

You visited 1 branch of the dungeon, and saw 4 of its levels.

You collected 176 gold pieces.

Inventory:

Armour
 a - a +0 robe (worn)
 f - a +0 leather armour
Jewellery
 b - an uncursed amulet of rage {unknown}
Magical devices
 m - a wand of paralysis (8)
Scrolls
 d - 3 scrolls of remove curse {unknown}
 h - 2 scrolls of recharging {unknown}
 j - a scroll of magic mapping {unknown}
 n - a scroll of blinking {unknown}
 p - a scroll of enchant weapon {unknown}
Potions
 c - a potion of brilliance {unknown}
 e - a potion of poison {unknown}
 g - a potion of resistance {unknown}
 i - a potion of might {unknown}
 k - a potion of ambrosia {unknown}
 o - a potion of curing {unknown}
Comestibles
 l - a meat ration
 q - a slice of pizza


   Skills:
 - Level 3.7 Fighting
 - Level 3.4 Dodging
 - Level 2.1 Stealth
 + Level 7.1 Unarmed Combat


You had 5 spell levels left.
You didn't know any spells.

Dungeon Overview and Level Annotations

Branches:
Dungeon (4/15)
 Temple: D:4-7

Altars:
Fedhas


Innate Abilities, Weirdness & Mutations

Your body is rotting away.
You thrive on raw meat.
You have sharp fingernails.
You are carnivorous and can eat meat at any time.
Your flesh is cold resistant.
You are immune to negative energy.
Your system is resistant to poisons.
You heal slowly when monsters are visible.
You are immune to unholy pain and torment.
You can survive without breathing.


Message History

The puff of flame hits you!
* * * LOW HITPOINT WARNING * * *
You claw Sigmund!
You kill Sigmund!
Your Unarmed Combat skill increases to level 7!
You have reached level 6!
Your experience leads to an increase in your attributes!
Increase (S)trength, (I)ntelligence, or (D)exterity?
You feel agile.
There is a stone staircase leading down here.
You can't go up here!
You climb downwards.
You hear the hiss of flowing sand.
There is an entrance to an ossuary on this level.
Hurry and find it before the portal is buried!
Found 21 sling bullets.
There is a stone staircase leading up here.
You start resting.
You hear the slow hiss of a distant avalanche of sand.
You climb upwards.
The worm bites you!
You die...

#.......###.# #.# ...
#######.# #.# #.# ###
#.# #.# #.# #.# #.#
#.# #.# #.# #.# #.#
#.# #.###### #.# #.#
#.#.....
#.###.#####.#.###.
#@w...............
#####.#####.#.###.
#######'#####.#.# #.
#.............#.# #.
#####.........#####.#
#.
#...'...............#
#.
#.###.........#######
#. ####.###.........#
#. #................#
#.


You could see a worm.

Vanquished Creatures
  Sigmund (D:3)
  A worker ant (D:3)
  Jessica (D:2)
  Robin (D:3)
  6 adders
  A giant mite (D:2)
  3 giant cockroaches
  11 goblins
  3 hobgoblins
  7 bats
  3 giant geckos
  7 giant newts
  7 jackals
  5 kobolds
  6 rats
63 creatures vanquished.

Notes
Turn   | Place    | Note
--------------------------------------------------------------
     0 | D:1      | Mysteryquy, the Ghoul Monk, began the quest for the Orb.
     0 | D:1      | Reached XP level 1. HP: 19/19 MP: 1/1
   112 | D:1      | Reached XP level 2. HP: 16/26 MP: 2/2
   539 | D:1      | Reached skill level 5 in Unarmed Combat
   543 | D:1      | Reached XP level 3. HP: 16/30 MP: 3/3
   855 | D:2      | Found a blossoming altar of Fedhas.
  1058 | D:2      | Noticed Jessica
  1069 | D:2      | Killed Jessica
  1069 | D:2      | Reached XP level 4. HP: 35/39 MP: 3/3
  1672 | D:3      | Noticed Robin
  1692 | D:3      | Killed Robin
  1893 | D:3      | Reached skill level 6 in Unarmed Combat
  1893 | D:3      | Reached XP level 5. HP: 35/46 MP: 4/4
  2106 | D:3      | Noticed Sigmund
  2121 | D:3      | HP: 1/45 [Sigmund/puff of flame (5)]
  2122 | D:3      | Killed Sigmund
  2122 | D:3      | Reached skill level 7 in Unarmed Combat
  2122 | D:3      | Reached XP level 6. HP: 1/51 MP: 5/5
  2198 | D:3      | Slain by a worm

Action                   |  1- 3 |  4- 6 || total
-------------------------+-------+-------++-------
Melee: Unarmed           |    96 |    97 ||   193
 Stab: Sleeping          |     1 |     3 ||     4
  Eat: Chunk             |     9 |     8 ||    17
